Blackhawks vs Lightning
Created - February 17, 2018 at 19:41
Goals
|
| Blackhawks |
1 |
0 |
2 |
3 |
| Lightning |
0 |
4 |
2 |
6 |
|
Shots
|
| Blackhawks |
8 |
12 |
6 |
26 |
| Lightning |
20 |
10 |
11 |
41 |
|
1st period
1. Blackhawks , Jarome Iginla 14 (Derick Brassard 31) at 18:15
Penalties :
Mike Green (Chi) for Holding (Minor) at 7:21, Derick Brassard (Chi) for Roughing (Minor) at 13:33
2nd period
2. Lightning , Ryan Shannon 1 (Loui Eriksson 4, Jordan Nolan 14) at 9:53
3. Lightning , Kris Versteeg 18 (Henrik Zetterberg 47) at 12:06
4. Lightning , Kris Versteeg 19 (Robert Nilsson 35, Henrik Zetterberg 48) at 12:18
5. Lightning , Jordan Nolan 9 (John Carlson 24) at 13:45
Penalties :
Ryan Shannon (TB.) for Roughing (Minor) at 1:22, Tomas Fleischmann (Chi) for Holding (Minor) at 7:28, Henrik Zetterberg (TB.) for Interference (Minor) at 14:09
3rd period
6. Blackhawks , Mike Green 4 (Jarome Iginla 13, Tomas Fleischmann 12) at 8:24 (PP)
7. Lightning , Daniel Carcillo 16 (Pierre-Marc Bouchard 17) at 8:33
8. Blackhawks , Antoine Roussel 14 (Jarome Iginla 14) at 17:25
9. Lightning , Loui Eriksson 7 (Justin Schultz 13, Jordan Nolan 15) at 19:13
Penalties :
Peter Regin (Chi) for Hooking (Minor) at 3:38, Justin Schultz (TB.) for Holding Stick (Minor) at 6:43, Robert Nilsson (TB.) for Hooking (Minor) at 10:14, Ryan Johansen (Chi) for High sticking (Minor) at 15:26, Daniel Carcillo (TB.) for Hooking (Minor) at 16:10
Goalie Stats
Jimmy Howard (Chi), 35 saves from 41 shots - (0.854), L, 15-25-7, 60:00 minutes
Jaroslav Halak (TB.), 23 saves from 26 shots - (0.885), W, 21-21-5, 60:00 minutes
Players Stats for Blackhawks
Player Name G A P +/- PIM S H SB GA TA FO MP PP MP PK MP
------------------------------------------------------------------------------------
Antoine Roussel 1 0 1 -1 0 3 2 0 1 1 0/0 22:38 5:21 2:29
Carson Mcmillan 0 0 0 0 0 0 0 0 0 0 0/1 2:09 0:04 0:00
Chad Larose 0 0 0 -3 0 0 1 0 0 0 0/0 11:09 0:04 0:00
Dave Tanabe 0 0 0 -2 0 0 0 0 0 0 0/0 9:59 0:00 0:23
Denis Grebeshkov 0 0 0 0 0 1 2 1 0 0 0/0 20:20 2:49 3:44
Derick Brassard 0 1 1 0 2 3 1 1 2 0 11/21 25:07 5:21 4:05
Jaden Schwartz 0 0 0 -3 0 3 0 0 0 0 0/1 12:20 0:00 0:57
Jarome Iginla 1 2 3 2 0 5 1 0 0 0 2/2 16:35 2:57 2:29
Joni Pitkanen 0 0 0 -2 0 3 1 1 0 0 0/0 27:01 5:33 5:02
Kevin Marshall 0 0 0 -2 0 0 0 0 0 0 0/0 9:49 0:00 0:57
Ladislav Smid 0 0 0 0 0 0 2 0 0 1 0/0 23:00 2:49 3:15
Mike Green 1 0 1 -2 2 1 1 3 0 2 0/0 30:00 5:33 3:59
Patrick Kane 0 0 0 -2 0 5 0 0 3 2 7/11 26:17 5:25 5:06
Peter Regin 0 0 0 -3 2 1 0 1 0 1 2/5 13:19 2:57 0:00
Ryan Johansen 0 0 0 -2 2 0 0 1 0 0 7/30 14:41 0:00 0:17
Taylor Pyatt 0 0 0 -1 0 0 1 1 0 1 0/0 7:04 0:00 1:57
Tomas Fleischmann 0 1 1 1 2 1 0 0 0 0 1/1 13:41 2:57 0:00
Tyler Kennedy 0 0 0 -1 0 0 0 0 0 0 0/0 4:51 0:00 0:00
Players Stats for Lightning
Player Name G A P +/- PIM S H SB GA TA FO MP PP MP PK MP
------------------------------------------------------------------------------------
Andy Rogers 0 0 0 1 0 1 0 1 0 0 0/0 11:02 0:00 0:00
Brent Burns 0 0 0 2 0 2 1 2 1 0 0/0 26:22 5:09 4:46
Daniel Carcillo 1 0 1 0 2 2 5 1 0 0 1/1 17:07 4:07 1:33
Danny Richmond 0 0 0 -1 0 2 0 0 1 0 0/0 20:23 3:31 3:36
Davis Drewiske 0 0 0 2 0 0 0 0 0 0 0/0 2:27 0:00 0:00
Henrik Zetterberg 0 2 2 2 2 4 0 2 2 1 5/10 27:17 4:32 4:00
Jeff Schultz 0 0 0 4 0 1 0 1 0 1 0/0 28:35 5:09 4:46
John Carlson 0 1 1 -1 0 1 3 0 1 1 0/0 20:23 3:31 3:36
Jordan Nolan 1 2 3 3 0 4 2 0 2 0 4/7 12:44 0:00 1:09
Justin Schultz 0 1 1 1 2 1 0 1 0 0 0/0 10:47 0:00 0:00
Kris Versteeg 2 0 2 2 0 7 2 0 0 2 3/4 25:40 4:32 5:08
Loui Eriksson 1 1 2 3 0 2 1 0 0 1 0/0 11:43 0:00 0:07
Mikael Backlund 0 0 0 0 0 0 0 0 0 0 0/0 4:03 0:00 0:00
Pierre-Luc Létourneau 0 0 0 0 0 0 0 0 0 0 1/2 6:29 0:00 2:12
Pierre-Marc Bouchard 0 1 1 -1 0 4 1 1 1 0 14/21 18:00 4:08 1:46
Robert Nilsson 0 1 1 1 2 3 2 3 0 0 13/26 20:13 4:32 0:49
Ryan Shannon 1 0 1 3 2 5 0 0 0 0 0/0 11:22 0:00 0:00
Sheldon Keefe 0 0 0 0 0 2 1 0 0 0 1/1 15:41 4:08 0:00
3 Stars
1 - Jordan Nolan (TB.)
2 - Kris Versteeg (TB.)
3 - Loui Eriksson (TB.)
Power Play
Blackhawks - 1 on 5 Attempt(s) - 20.00%
Lightning - 0 on 5 Attempt(s) - 0.00%
Penalty Kill
Blackhawks - 5 on 5 Attempt(s) - 100.00%
- Score 0 goal in Penalty Kill
Lightning - 4 on 5 Attempt(s) - 80.00%
- Score 0 goal in Penalty Kill
Team Stat
Blackhawks - Hits : 12 - Faceoff Wins : 30 - Blocked Shots : 9 - Penalty Minutes : 10
Lightning - Hits : 18 - Faceoff Wins : 42 - Blocked Shots : 12 - Penalty Minutes : 10
Official
Referees : Furlatt Eric and Meier Brad
Linesman : Scott Cherrey and Brian Mach
Game Notes
No Game Note
Finance
Level 1 -- Attendance: 3910 (65.17%) -- Ticket Income $449,650
Level 2 -- Attendance: 3579 (71.58%) -- Ticket Income $229,056
Level 3 -- Attendance: 1240 (62.00%) -- Ticket Income $54,560
Level 4 -- Attendance: 2220 (55.50%) -- Ticket Income $88,800
Luxury Box -- Attendance: 655 (65.50%) -- Ticket Income $140,825
Game was played at the Tampa Bay Stadium.
Total Attendance: 11604 (64.47%)
Total Ticket Income: $962,891
Other Income: $144,434
Total Income: $1,107,325
Blackhawks
5 vs 5 Forward
Center Left Wing Right Wing Time % Phy DF OF
1 Ryan Johansen Antoine Roussel Patrick Kane 40 1 2 2
2 Derick Brassard Tomas Fleischmann Jarome Iginla 30 1 2 2
3 Peter Regin Jaden Schwartz Chad Larose 20 1 2 2
4 Derick Brassard Taylor Pyatt Tyler Kennedy 10 1 2 2
5 vs 5 Defense
Defense Defense Time % Phy DF OF
1 Mike Green Ladislav Smid 40 1 2 2
2 Denis Grebeshkov Joni Pitkanen 30 1 2 2
3 Dave Tanabe Kevin Marshall 20 1 2 2
4 Mike Green Joni Pitkanen 10 1 2 2
PowerPlay Forward
Center Left Wing Right Wing Time % Phy DF OF
1 Derick Brassard Antoine Roussel Patrick Kane 60 1 2 2
2 Peter Regin Tomas Fleischmann Jarome Iginla 40 1 2 2
PowerPlay Defense
Defense Defense Time % Phy DF OF
1 Mike Green Joni Pitkanen 60 1 2 2
2 Denis Grebeshkov Ladislav Smid 40 1 2 2
Penalty Kill 4 Players Forward
Center Wing Time % Phy DF OF
1 Patrick Kane Derick Brassard 60 1 2 2
2 Jarome Iginla Antoine Roussel 40 1 2 2
Penalty Kill 4 Players Defense
Defense Defense Time % Phy DF OF
1 Mike Green Joni Pitkanen 60 1 2 2
2 Denis Grebeshkov Ladislav Smid 40 1 2 2
Penalty Kill - 3 Players Forward
Forward Time % Phy DF OF
1 Patrick Kane 60 1 2 2
2 Derick Brassard 40 1 2 2
Penalty Kill - 3 Players Defense
Defense Defense Time % Phy DF OF
1 Mike Green Joni Pitkanen 60 1 2 2
2 Denis Grebeshkov Ladislav Smid 40 1 2 2
4 vs 4 Forward
Center Wing Time % Phy DF OF
1 Patrick Kane Derick Brassard 60 1 2 2
2 Jarome Iginla Antoine Roussel 40 1 2 2
4 vs 4 Defense
Defense Defense Time % Phy DF OF
1 Mike Green Joni Pitkanen 60 1 2 2
2 Denis Grebeshkov Ladislav Smid 40 1 2 2
Last Minutes Offensive
Center Left Wing Right Wing Defense Defense
Derick Brassard Antoine Roussel Patrick Kane Mike Green Joni Pitkanen
Last Minutes Defensive
Center Left Wing Right Wing Defense Defense
Derick Brassard Antoine Roussel Patrick Kane Mike Green Joni Pitkanen
Goaltenders
Starting : Jimmy Howard
Backup : Al Montoya
Extra Forwards
Normal : Carson Mcmillan, Chad Larose, Taylor Pyatt - PP : Carson Mcmillan, Chad Larose - PK : Taylor Pyatt
Extra Defensemen
Normal : Dave Tanabe, Kevin Marshall, Denis Grebeshkov - PP : Dave Tanabe - PK : Kevin Marshall, Denis Grebeshkov
Penalty Shots
Patrick Kane, Derick Brassard, Jarome Iginla, Antoine Roussel, Peter Regin
Scratches
Kyle Brodziak (Healthy)
Lightning
5 vs 5 Forward
Center Left Wing Right Wing Time % Phy DF OF
1 Robert Nilsson Henrik Zetterberg Kris Versteeg 40 1 2 2
2 Pierre-Marc Bouchard Daniel Carcillo Sheldon Keefe 30 1 2 2
3 Jordan Nolan Loui Eriksson Ryan Shannon 20 1 2 2
4 Mikael Backlund Pierre-Luc Létourneau Henrik Zetterberg 10 1 2 2
5 vs 5 Defense
Defense Defense Time % Phy DF OF
1 Jeff Schultz Brent Burns 40 1 2 2
2 John Carlson Danny Richmond 30 1 2 2
3 Andy Rogers Justin Schultz 20 1 2 2
4 Davis Drewiske Jeff Schultz 10 1 2 2
PowerPlay Forward
Center Left Wing Right Wing Time % Phy DF OF
1 Robert Nilsson Henrik Zetterberg Kris Versteeg 60 1 2 2
2 Pierre-Marc Bouchard Daniel Carcillo Sheldon Keefe 40 1 2 2
PowerPlay Defense
Defense Defense Time % Phy DF OF
1 Jeff Schultz Brent Burns 60 1 2 2
2 John Carlson Danny Richmond 40 1 2 2
Penalty Kill 4 Players Forward
Center Wing Time % Phy DF OF
1 Henrik Zetterberg Kris Versteeg 60 1 2 2
2 Robert Nilsson Pierre-Marc Bouchard 40 1 2 2
Penalty Kill 4 Players Defense
Defense Defense Time % Phy DF OF
1 Jeff Schultz Brent Burns 60 1 2 2
2 John Carlson Danny Richmond 40 1 2 2
Penalty Kill - 3 Players Forward
Forward Time % Phy DF OF
1 Henrik Zetterberg 60 1 2 2
2 Kris Versteeg 40 1 2 2
Penalty Kill - 3 Players Defense
Defense Defense Time % Phy DF OF
1 Jeff Schultz Brent Burns 60 1 2 2
2 John Carlson Danny Richmond 40 1 2 2
4 vs 4 Forward
Center Wing Time % Phy DF OF
1 Henrik Zetterberg Kris Versteeg 60 1 2 2
2 Robert Nilsson Pierre-Marc Bouchard 40 1 2 2
4 vs 4 Defense
Defense Defense Time % Phy DF OF
1 Jeff Schultz Brent Burns 60 1 2 2
2 John Carlson Danny Richmond 40 1 2 2
Last Minutes Offensive
Center Left Wing Right Wing Defense Defense
Robert Nilsson Henrik Zetterberg Kris Versteeg Jeff Schultz Brent Burns
Last Minutes Defensive
Center Left Wing Right Wing Defense Defense
Robert Nilsson Henrik Zetterberg Kris Versteeg Jeff Schultz Brent Burns
Goaltenders
Starting : Jaroslav Halak
Backup : Adam Munro
Extra Forwards
Normal : Jordan Nolan, Loui Eriksson, Pierre-Luc Létourneau - PP : Jordan Nolan, Loui Eriksson - PK : Pierre-Luc Létourneau
Extra Defensemen
Normal : Andy Rogers, Justin Schultz, Davis Drewiske - PP : Andy Rogers - PK : Justin Schultz, Davis Drewiske
Penalty Shots
Henrik Zetterberg, Kris Versteeg, Robert Nilsson, Pierre-Marc Bouchard, Jordan Nolan
Scratches
Reilly Smith (Suspend), Steve Bernier (Bruised Left Leg Injury)
% Time on Ice - Blackhawks
Lines # - Real PCT - Wanted PCT - Time Play
Normal Forward
1 - 36% - 40% - 15:08
2 - 26% - 30% - 10:53
3 - 26% - 20% - 10:51
4 - 12% - 10% - 4:51
Normal Defense
1 - 41% - 40% - 17:01
2 - 31% - 30% - 12:47
3 - 21% - 20% - 8:52
4 - 7% - 10% - 3:03
PP Forward
1 - 65% - 60% - 5:25
2 - 35% - 40% - 2:57
PP Defense
1 - 66% - 60% - 5:33
2 - 34% - 40% - 2:49
PK Forward
1 - 71% - 60% - 6:11
2 - 29% - 40% - 2:29
PK Defense
1 - 63% - 60% - 5:25
2 - 38% - 40% - 3:15
PK3 Forward
1 - 0% - 60%
2 - 0% - 40%
PK3 Defense
1 - 0% - 60%
2 - 0% - 40%
44 Forward
1 - 79% - 60% - 0:59
2 - 21% - 40% - 0:16
44 Defense
1 - 79% - 60% - 0:59
2 - 21% - 40% - 0:16
Last Minute Offensive - 0:00
Last Minute Defensive - 0:00
Total
Forward - 60:00
Defense - 60:00
|
% Time on Ice - Lightning
Lines # - Real PCT - Wanted PCT - Time Play
Normal Forward
1 - 35% - 40% - 14:44
2 - 28% - 30% - 11:38
3 - 27% - 20% - 11:18
4 - 10% - 10% - 4:03
Normal Defense
1 - 37% - 40% - 15:28
2 - 31% - 30% - 13:00
3 - 26% - 20% - 10:48
4 - 6% - 10% - 2:27
PP Forward
1 - 52% - 60% - 4:32
2 - 48% - 40% - 4:08
PP Defense
1 - 59% - 60% - 5:09
2 - 41% - 40% - 3:31
PK Forward
1 - 81% - 60% - 6:48
2 - 19% - 40% - 1:34
PK Defense
1 - 57% - 60% - 4:46
2 - 43% - 40% - 3:36
PK3 Forward
1 - 0% - 60%
2 - 0% - 40%
PK3 Defense
1 - 0% - 60%
2 - 0% - 40%
44 Forward
1 - 79% - 60% - 0:59
2 - 21% - 40% - 0:16
44 Defense
1 - 79% - 60% - 0:59
2 - 21% - 40% - 0:16
Last Minute Offensive - 0:00
Last Minute Defensive - 0:00
Total
Forward - 60:00
Defense - 60:00
|
Play by Play
1st period
0:01 of 1st period - Robert Nilsson wins face-off versus Ryan Johansen in neutral zone.
0:33 of 1st period - Slapshot by Danny Richmond.
0:33 of 1st period - Stopped by Jimmy Howard with a rebound.
0:41 of 1st period - Jordan Nolan is hit by Ladislav Smid and loses puck.
1:13 of 1st period - Snap shot by Pierre-Marc Bouchard.
1:13 of 1st period - Shot Misses the Net.
1:15 of 1st period - Wrist shot by Sheldon Keefe.
1:15 of 1st period - Deflect By Peter Regin.
1:15 of 1st period - Shot Misses the Net.
1:15 of 1st period - Puck is out of play.
1:16 of 1st period - Ryan Johansen wins face-off versus Pierre-Marc Bouchard in Blackhawks zone.
1:43 of 1st period - Slapshot by Mike Green.
1:43 of 1st period - Shot Misses the Net.
2:07 of 1st period - Slapshot by Ryan Shannon.
2:07 of 1st period - Stopped by Jimmy Howard without a rebound.
2:08 of 1st period - Robert Nilsson wins face-off versus Ryan Johansen in Blackhawks zone.
2:43 of 1st period - Slapshot by Jarome Iginla.
2:43 of 1st period - Shot Blocked by Henrik Zetterberg.
2:45 of 1st period - Snap shot by Denis Grebeshkov.
2:45 of 1st period - Stopped by Jaroslav Halak with a rebound.
2:59 of 1st period - Slapshot by Sheldon Keefe.
2:59 of 1st period - Shot Blocked by Denis Grebeshkov.
3:33 of 1st period - Slapshot by Henrik Zetterberg.
3:33 of 1st period - Stopped by Jimmy Howard with a rebound.
5:02 of 1st period - Wrist shot by Pierre-Marc Bouchard.
5:02 of 1st period - Stopped by Jimmy Howard without a rebound.
5:03 of 1st period - Pierre-Marc Bouchard wins face-off versus Ryan Johansen in Blackhawks zone.
6:14 of 1st period - Antoine Roussel is hit by Loui Eriksson and loses puck.
6:31 of 1st period - Wrist shot by Jaden Schwartz.
6:31 of 1st period - Stopped by Jaroslav Halak with a rebound.
6:57 of 1st period - Snap shot by Kris Versteeg.
6:57 of 1st period - Deflect By Robert Nilsson.
6:57 of 1st period - Shot Misses the Net.
6:57 of 1st period - Puck is out of play.
6:58 of 1st period - Robert Nilsson wins face-off versus Ryan Johansen in Blackhawks zone.
6:59 of 1st period - Snap shot by Kris Versteeg.
6:59 of 1st period - Shot Misses the Net.
7:01 of 1st period - Wrist shot by Kris Versteeg.
7:01 of 1st period - Stopped by Jimmy Howard without a rebound.
7:02 of 1st period - Henrik Zetterberg wins face-off versus Ryan Johansen in Blackhawks zone.
7:16 of 1st period - Wrist shot by Robert Nilsson.
7:16 of 1st period - Stopped by Jimmy Howard without a rebound.
7:17 of 1st period - Pierre-Marc Bouchard wins face-off versus Derick Brassard in Blackhawks zone.
7:21 of 1st period - Minor Penalty to Mike Green for Holding.
7:22 of 1st period - Patrick Kane wins face-off versus Robert Nilsson in Blackhawks zone.
8:02 of 1st period - Sheldon Keefe is hit by Antoine Roussel and loses puck.
9:15 of 1st period - Denis Grebeshkov is hit by Daniel Carcillo and loses puck.
9:21 of 1st period - Penalty to Mike Green is over, Mike Green is back on ice.
10:10 of 1st period - Icing by Henrik Zetterberg.
10:11 of 1st period - Derick Brassard wins face-off versus Jordan Nolan in Lightning zone.
10:58 of 1st period - Wrist shot by Peter Regin.
10:58 of 1st period - Stopped by Jaroslav Halak without a rebound.
10:59 of 1st period - Derick Brassard wins face-off versus Pierre-Marc Bouchard in Lightning zone.
11:24 of 1st period - Patrick Kane is hit by Robert Nilsson and loses puck.
11:42 of 1st period - Off-side.
11:43 of 1st period - Peter Regin wins face-off versus Jordan Nolan in neutral zone.
11:43 of 1st period - Peter Regin is hit by Jordan Nolan.
11:55 of 1st period - Snap shot by Ryan Shannon.
11:55 of 1st period - Stopped by Jimmy Howard without a rebound.
11:56 of 1st period - Robert Nilsson wins face-off versus Ryan Johansen in Blackhawks zone.
11:59 of 1st period - Wrist shot by Henrik Zetterberg.
11:59 of 1st period - Deflect By Kris Versteeg.
11:59 of 1st period - Stopped by Jimmy Howard without a rebound.
12:00 of 1st period - Henrik Zetterberg wins face-off versus Ryan Johansen in Blackhawks zone.
12:03 of 1st period - Wrist shot by Kris Versteeg.
12:03 of 1st period - Shot Misses the Net.
12:05 of 1st period - Slapshot by Brent Burns.
12:05 of 1st period - Shot Misses the Net.
12:07 of 1st period - Slapshot by Brent Burns.
12:07 of 1st period - Deflect By Robert Nilsson.
12:07 of 1st period - Shot Blocked by Joni Pitkanen.
12:07 of 1st period - Puck is out of play.
12:08 of 1st period - Robert Nilsson wins face-off versus Ryan Johansen in Blackhawks zone.
12:25 of 1st period - Slapshot by Antoine Roussel.
12:25 of 1st period - Shot Blocked by Brent Burns.
12:35 of 1st period - Jarome Iginla is hit by Daniel Carcillo.
12:39 of 1st period - Snap shot by Tomas Fleischmann.
12:39 of 1st period - Stopped by Jaroslav Halak without a rebound.
12:40 of 1st period - Pierre-Marc Bouchard wins face-off versus Derick Brassard in Lightning zone.
12:51 of 1st period - Wrist shot by Pierre-Marc Bouchard.
12:51 of 1st period - Shot Misses the Net.
13:01 of 1st period - Wrist shot by Pierre-Marc Bouchard.
13:01 of 1st period - Shot Blocked by Mike Green.
13:03 of 1st period - Slapshot by Danny Richmond.
13:03 of 1st period - Deflect By Derick Brassard.
13:03 of 1st period - Stopped by Jimmy Howard without a rebound.
13:04 of 1st period - Robert Nilsson wins face-off versus Ryan Johansen in Blackhawks zone.
13:30 of 1st period - Off-side.
13:31 of 1st period - Derick Brassard wins face-off versus Pierre-Marc Bouchard in neutral zone.
13:33 of 1st period - Minor Penalty to Derick Brassard for Roughing.
13:34 of 1st period - Robert Nilsson wins face-off versus Patrick Kane in Blackhawks zone.
13:36 of 1st period - Wrist shot by Henrik Zetterberg.
13:36 of 1st period - Shot Misses the Net.
13:38 of 1st period - Snap shot by Henrik Zetterberg.
13:38 of 1st period - Stopped by Jimmy Howard with a rebound.
14:00 of 1st period - Patrick Kane is hit by Pierre-Marc Bouchard and loses puck.
14:44 of 1st period - Wrist shot by Antoine Roussel.
14:44 of 1st period - Stopped by Jaroslav Halak without a rebound.
14:45 of 1st period - Jarome Iginla wins face-off versus Robert Nilsson in Lightning zone.
15:05 of 1st period - Off-side.
15:06 of 1st period - Patrick Kane wins face-off versus Pierre-Marc Bouchard in neutral zone.
15:13 of 1st period - Jeff Schultz is hit by Taylor Pyatt and loses puck.
15:32 of 1st period - Jaden Schwartz is hit by Kris Versteeg and loses puck.
15:33 of 1st period - Penalty to Derick Brassard is over, Derick Brassard is back on ice.
15:53 of 1st period - Wrist shot by Jordan Nolan.
15:53 of 1st period - Shot Misses the Net.
15:55 of 1st period - Wrist shot by Jordan Nolan.
15:55 of 1st period - Stopped by Jimmy Howard with a rebound.
15:57 of 1st period - Slapshot by Jordan Nolan.
15:57 of 1st period - Stopped by Jimmy Howard without a rebound.
15:58 of 1st period - Jordan Nolan wins face-off versus Derick Brassard in Blackhawks zone.
16:01 of 1st period - Snap shot by Ryan Shannon.
16:01 of 1st period - Deflect By Dave Tanabe.
16:01 of 1st period - Stopped by Jimmy Howard with a rebound.
16:21 of 1st period - Slapshot by Henrik Zetterberg.
16:21 of 1st period - Stopped by Jimmy Howard without a rebound.
16:22 of 1st period - Peter Regin wins face-off versus Robert Nilsson in Blackhawks zone.
16:39 of 1st period - Denis Grebeshkov is hit by Robert Nilsson and loses puck.
16:52 of 1st period - Slapshot by Kris Versteeg.
16:52 of 1st period - Stopped by Jimmy Howard with a rebound.
17:24 of 1st period - Wrist shot by Henrik Zetterberg.
17:24 of 1st period - Shot Misses the Net.
17:26 of 1st period - Snap shot by Robert Nilsson.
17:26 of 1st period - Stopped by Jimmy Howard with a rebound.
17:28 of 1st period - Snap shot by Kris Versteeg.
17:28 of 1st period - Stopped by Jimmy Howard with a rebound.
17:36 of 1st period - Snap shot by Jaden Schwartz.
17:36 of 1st period - Stopped by Jaroslav Halak without a rebound.
17:37 of 1st period - Pierre-Marc Bouchard wins face-off versus Ryan Johansen in Lightning zone.
17:42 of 1st period - Snap shot by Jeff Schultz.
17:42 of 1st period - Stopped by Jimmy Howard with a rebound.
17:44 of 1st period - Slapshot by Brent Burns.
17:44 of 1st period - Shot Misses the Net.
18:11 of 1st period - Slapshot by Jarome Iginla.
18:11 of 1st period - Stopped by Jaroslav Halak without a rebound.
18:12 of 1st period - Derick Brassard wins face-off versus Pierre-Marc Bouchard in Lightning zone.
18:15 of 1st period - Wrist shot by Jarome Iginla.
18:15 of 1st period - Goal by Jarome Iginla - Blackhawks : 1 - Lightning : 0.
18:16 of 1st period - Ryan Johansen wins face-off versus Robert Nilsson in neutral zone.
18:42 of 1st period - Robert Nilsson is hit by Ladislav Smid and loses puck.
19:09 of 1st period - Ladislav Smid is hit by John Carlson and loses puck.
19:16 of 1st period - Snap shot by Henrik Zetterberg.
19:16 of 1st period - Stopped by Jimmy Howard with a rebound.
19:51 of 1st period - Slapshot by Kris Versteeg.
19:51 of 1st period - Stopped by Jimmy Howard without a rebound.
19:52 of 1st period - Ryan Johansen wins face-off versus Pierre-Marc Bouchard in Blackhawks zone.
19:59 of 1st period - Antoine Roussel is hit by Daniel Carcillo and loses puck.
Goals for this period are 1 for Blackhawks vs 0 for Lightning .
Shots for this period are 8 for Blackhawks vs 20 for Lightning .
2nd period
0:01 of 2nd period - Sheldon Keefe wins face-off versus Ryan Johansen in neutral zone.
0:10 of 2nd period - Snap shot by Daniel Carcillo.
0:10 of 2nd period - Stopped by Jimmy Howard without a rebound.
0:11 of 2nd period - Pierre-Marc Bouchard wins face-off versus Ryan Johansen in Blackhawks zone.
0:36 of 2nd period - Kris Versteeg is hit by Joni Pitkanen and loses puck.
0:41 of 2nd period - Snap shot by Derick Brassard.
0:41 of 2nd period - Stopped by Jaroslav Halak with a rebound.
0:43 of 2nd period - Slapshot by Tomas Fleischmann.
0:43 of 2nd period - Shot Misses the Net.
0:45 of 2nd period - Wrist shot by Derick Brassard.
0:45 of 2nd period - Shot Misses the Net.
0:47 of 2nd period - Backhand shot by Derick Brassard.
0:47 of 2nd period - Shot Blocked by Jeff Schultz.
1:22 of 2nd period - Minor Penalty to Ryan Shannon for Roughing.
1:23 of 2nd period - Derick Brassard wins face-off versus Henrik Zetterberg in Lightning zone.
1:32 of 2nd period - Wrist shot by Patrick Kane.
1:32 of 2nd period - Stopped by Jaroslav Halak without a rebound.
1:33 of 2nd period - Derick Brassard wins face-off versus Henrik Zetterberg in Lightning zone.
1:34 of 2nd period - Wrist shot by Patrick Kane.
1:34 of 2nd period - Stopped by Jaroslav Halak without a rebound.
1:35 of 2nd period - Derick Brassard wins face-off versus Kris Versteeg in Lightning zone.
2:44 of 2nd period - Danny Richmond is hit by Denis Grebeshkov and loses puck.
3:01 of 2nd period - John Carlson is hit by Denis Grebeshkov and loses puck.
3:22 of 2nd period - Penalty to Ryan Shannon is over, Ryan Shannon is back on ice.
4:12 of 2nd period - Jordan Nolan is hit by Mike Green and loses puck.
4:30 of 2nd period - Icing by Mike Green.
4:31 of 2nd period - Derick Brassard wins face-off versus Robert Nilsson in Blackhawks zone.
4:31 of 2nd period - Derick Brassard is hit by Kris Versteeg.
5:39 of 2nd period - Snap shot by Jarome Iginla.
5:39 of 2nd period - Shot Blocked by Andy Rogers.
5:41 of 2nd period - Slapshot by Kevin Marshall.
5:41 of 2nd period - Shot Blocked by Justin Schultz.
6:35 of 2nd period - Off-side.
6:36 of 2nd period - Pierre-Marc Bouchard wins face-off versus Peter Regin in neutral zone.
6:51 of 2nd period - Jaden Schwartz is hit by Daniel Carcillo and loses puck.
7:28 of 2nd period - Minor Penalty to Tomas Fleischmann for Holding.
7:29 of 2nd period - Robert Nilsson wins face-off versus Patrick Kane in Blackhawks zone.
8:03 of 2nd period - Slapshot by Joni Pitkanen.
8:03 of 2nd period - Stopped by Jaroslav Halak with a rebound.
9:14 of 2nd period - Derick Brassard is hit by John Carlson and loses puck.
9:28 of 2nd period - Penalty to Tomas Fleischmann is over, Tomas Fleischmann is back on ice.
9:39 of 2nd period - Snap shot by Jaden Schwartz.
9:39 of 2nd period - Stopped by Jaroslav Halak without a rebound.
9:40 of 2nd period - Jordan Nolan wins face-off versus Peter Regin in Lightning zone.
9:51 of 2nd period - Snap shot by Loui Eriksson.
9:51 of 2nd period - Shot Blocked by Peter Regin.
9:53 of 2nd period - Wrist shot by Ryan Shannon.
9:53 of 2nd period - Goal by Ryan Shannon - Blackhawks : 1 - Lightning : 1.
9:54 of 2nd period - Ryan Johansen wins face-off versus Robert Nilsson in neutral zone.
10:07 of 2nd period - Snap shot by Ryan Johansen.
10:07 of 2nd period - Shot Misses the Net.
10:30 of 2nd period - Slapshot by Jarome Iginla.
10:30 of 2nd period - Stopped by Jaroslav Halak with a rebound.
10:52 of 2nd period - Slapshot by Ryan Shannon.
10:52 of 2nd period - Shot Misses the Net.
10:54 of 2nd period - Slapshot by John Carlson.
10:54 of 2nd period - Stopped by Jimmy Howard with a rebound.
11:10 of 2nd period - Wrist shot by Antoine Roussel.
11:10 of 2nd period - Shot Misses the Net.
11:12 of 2nd period - Backhand shot by Patrick Kane.
11:12 of 2nd period - Stopped by Jaroslav Halak with a rebound.
11:32 of 2nd period - Snap shot by Peter Regin.
11:32 of 2nd period - Shot Blocked by Daniel Carcillo.
11:34 of 2nd period - Slapshot by Mike Green.
11:34 of 2nd period - Shot Misses the Net.
11:44 of 2nd period - Wrist shot by Daniel Carcillo.
11:44 of 2nd period - Shot Misses the Net.
11:46 of 2nd period - Wrist shot by Ryan Shannon.
11:46 of 2nd period - Stopped by Jimmy Howard with a rebound.
11:48 of 2nd period - Snap shot by Jordan Nolan.
11:48 of 2nd period - Shot Blocked by Taylor Pyatt.
12:06 of 2nd period - Snap shot by Kris Versteeg.
12:06 of 2nd period - Goal by Kris Versteeg - Blackhawks : 1 - Lightning : 2.
12:07 of 2nd period - Robert Nilsson wins face-off versus Ryan Johansen in neutral zone.
12:18 of 2nd period - Slapshot by Kris Versteeg.
12:18 of 2nd period - Goal by Kris Versteeg - Blackhawks : 1 - Lightning : 3.
12:19 of 2nd period - Robert Nilsson wins face-off versus Ryan Johansen in neutral zone.
12:29 of 2nd period - Snap shot by Robert Nilsson.
12:29 of 2nd period - Shot Misses the Net.
12:31 of 2nd period - Backhand shot by Robert Nilsson.
12:31 of 2nd period - Stopped by Jimmy Howard without a rebound.
12:32 of 2nd period - Robert Nilsson wins face-off versus Ryan Johansen in Blackhawks zone.
12:37 of 2nd period - Slapshot by Patrick Kane.
12:37 of 2nd period - Shot Blocked by Robert Nilsson.
13:04 of 2nd period - Snap shot by Jarome Iginla.
13:04 of 2nd period - Shot Blocked by Pierre-Marc Bouchard.
13:45 of 2nd period - Wrist shot by Jordan Nolan.
13:45 of 2nd period - Goal by Jordan Nolan - Blackhawks : 1 - Lightning : 4.
13:46 of 2nd period - Ryan Johansen wins face-off versus Robert Nilsson in neutral zone.
13:57 of 2nd period - Snap shot by Patrick Kane.
13:57 of 2nd period - Stopped by Jaroslav Halak with a rebound.
13:59 of 2nd period - Wrist shot by Antoine Roussel.
13:59 of 2nd period - Stopped by Jaroslav Halak with a rebound.
14:01 of 2nd period - Snap shot by Patrick Kane.
14:01 of 2nd period - Stopped by Jaroslav Halak with a rebound.
14:03 of 2nd period - Slapshot by Mike Green.
14:03 of 2nd period - Shot Blocked by Henrik Zetterberg.
14:09 of 2nd period - Minor Penalty to Henrik Zetterberg for Interference.
14:10 of 2nd period - Derick Brassard wins face-off versus Pierre-Luc Létourneau in Lightning zone.
14:17 of 2nd period - Wrist shot by Derick Brassard.
14:17 of 2nd period - Shot Misses the Net.
14:19 of 2nd period - Slapshot by Joni Pitkanen.
14:19 of 2nd period - Stopped by Jaroslav Halak with a rebound.
14:21 of 2nd period - Snap shot by Derick Brassard.
14:21 of 2nd period - Deflect By Antoine Roussel.
14:21 of 2nd period - Shot Misses the Net.
14:21 of 2nd period - Puck is out of play.
14:22 of 2nd period - Pierre-Luc Létourneau wins face-off versus Derick Brassard in Lightning zone.
16:09 of 2nd period - Penalty to Henrik Zetterberg is over, Henrik Zetterberg is back on ice.
16:54 of 2nd period - Pierre-Marc Bouchard is hit by Chad Larose and loses puck.
17:48 of 2nd period - Snap shot by Peter Regin.
17:48 of 2nd period - Shot Misses the Net.
18:36 of 2nd period - Snap shot by Mike Green.
18:36 of 2nd period - Deflect By Jarome Iginla.
18:36 of 2nd period - Stopped by Jaroslav Halak without a rebound.
18:37 of 2nd period - Pierre-Marc Bouchard wins face-off versus Carson Mcmillan in Lightning zone.
18:46 of 2nd period - Wrist shot by Daniel Carcillo.
18:46 of 2nd period - Deflect By Pierre-Marc Bouchard.
18:46 of 2nd period - Stopped by Jimmy Howard without a rebound.
18:47 of 2nd period - Daniel Carcillo wins face-off versus Ryan Johansen in Blackhawks zone.
18:52 of 2nd period - Snap shot by Pierre-Marc Bouchard.
18:52 of 2nd period - Stopped by Jimmy Howard without a rebound.
18:53 of 2nd period - Robert Nilsson wins face-off versus Ryan Johansen in Blackhawks zone.
19:10 of 2nd period - Snap shot by Antoine Roussel.
19:10 of 2nd period - Shot Blocked by Robert Nilsson.
19:25 of 2nd period - Off-side.
19:26 of 2nd period - Pierre-Marc Bouchard wins face-off versus Derick Brassard in neutral zone.
19:30 of 2nd period - Danny Richmond is hit by Jarome Iginla and loses puck.
19:53 of 2nd period - Snap shot by Jaden Schwartz.
19:53 of 2nd period - Shot Blocked by Robert Nilsson.
Goals for this period are 0 for Blackhawks vs 4 for Lightning .
Shots for this period are 12 for Blackhawks vs 10 for Lightning .
3rd period
0:01 of 3rd period - Ryan Johansen wins face-off versus Robert Nilsson in neutral zone.
0:53 of 3rd period - Snap shot by Loui Eriksson.
0:53 of 3rd period - Shot Blocked by Mike Green.
0:55 of 3rd period - Wrist shot by Jordan Nolan.
0:55 of 3rd period - Stopped by Jimmy Howard without a rebound.
0:56 of 3rd period - Ryan Johansen wins face-off versus Robert Nilsson in Blackhawks zone.
1:07 of 3rd period - Snap shot by Henrik Zetterberg.
1:07 of 3rd period - Shot Hit the Post.
1:09 of 3rd period - Slapshot by Justin Schultz.
1:09 of 3rd period - Shot Misses the Net.
1:27 of 3rd period - Snap shot by Daniel Carcillo.
1:27 of 3rd period - Shot Misses the Net.
1:29 of 3rd period - Wrist shot by Daniel Carcillo.
1:29 of 3rd period - Shot Misses the Net.
1:31 of 3rd period - Slapshot by Andy Rogers.
1:31 of 3rd period - Stopped by Jimmy Howard without a rebound.
1:32 of 3rd period - Robert Nilsson wins face-off versus Derick Brassard in Blackhawks zone.
1:43 of 3rd period - Snap shot by Robert Nilsson.
1:43 of 3rd period - Shot Misses the Net.
1:48 of 3rd period - Off-side.
1:49 of 3rd period - Pierre-Marc Bouchard wins face-off versus Ryan Johansen in neutral zone.
1:58 of 3rd period - Snap shot by Pierre-Marc Bouchard.
1:58 of 3rd period - Shot Misses the Net.
2:43 of 3rd period - Off-side.
2:44 of 3rd period - Pierre-Marc Bouchard wins face-off versus Patrick Kane in neutral zone.
3:38 of 3rd period - Minor Penalty to Peter Regin for Hooking.
3:39 of 3rd period - Patrick Kane wins face-off versus Robert Nilsson in Blackhawks zone.
4:17 of 3rd period - Slapshot by Pierre-Marc Bouchard.
4:17 of 3rd period - Stopped by Jimmy Howard without a rebound.
4:18 of 3rd period - Patrick Kane wins face-off versus Robert Nilsson in Blackhawks zone.
4:47 of 3rd period - Joni Pitkanen is hit by Sheldon Keefe and loses puck.
5:38 of 3rd period - Penalty to Peter Regin is over, Peter Regin is back on ice.
6:15 of 3rd period - Icing by Antoine Roussel.
6:16 of 3rd period - Pierre-Marc Bouchard wins face-off versus Ryan Johansen in Blackhawks zone.
6:21 of 3rd period - Slapshot by Jordan Nolan.
6:21 of 3rd period - Deflect By Loui Eriksson.
6:21 of 3rd period - Shot Misses the Net.
6:21 of 3rd period - Puck is out of play.
6:22 of 3rd period - Tomas Fleischmann wins face-off versus Jordan Nolan in Blackhawks zone.
6:43 of 3rd period - Minor Penalty to Justin Schultz for Holding Stick.
6:44 of 3rd period - Kris Versteeg wins face-off versus Derick Brassard in Lightning zone.
6:57 of 3rd period - Snap shot by Derick Brassard.
6:57 of 3rd period - Stopped by Jaroslav Halak without a rebound.
6:58 of 3rd period - Derick Brassard wins face-off versus Henrik Zetterberg in Lightning zone.
7:11 of 3rd period - Snap shot by Kris Versteeg.
7:11 of 3rd period - Deflect By Henrik Zetterberg.
7:11 of 3rd period - Shot Blocked by Mike Green.
7:11 of 3rd period - Puck is out of play.
7:12 of 3rd period - Henrik Zetterberg wins face-off versus Derick Brassard in Blackhawks zone.
7:37 of 3rd period - Slapshot by Kris Versteeg.
7:37 of 3rd period - Shot Misses the Net.
7:39 of 3rd period - Snap shot by Henrik Zetterberg.
7:39 of 3rd period - Shot Misses the Net.
8:22 of 3rd period - Snap shot by Jarome Iginla.
8:22 of 3rd period - Stopped by Jaroslav Halak with a rebound.
8:24 of 3rd period - Snap shot by Mike Green.
8:24 of 3rd period - Goal by Mike Green - Blackhawks : 2 - Lightning : 4.
8:25 of 3rd period - Pierre-Marc Bouchard wins face-off versus Jaden Schwartz in neutral zone.
8:31 of 3rd period - Icing by Kevin Marshall.
8:32 of 3rd period - Pierre-Marc Bouchard wins face-off versus Peter Regin in Blackhawks zone.
8:33 of 3rd period - Snap shot by Daniel Carcillo.
8:33 of 3rd period - Goal by Daniel Carcillo - Blackhawks : 2 - Lightning : 5.
8:34 of 3rd period - Kris Versteeg wins face-off versus Ryan Johansen in neutral zone.
9:24 of 3rd period - Jaden Schwartz is hit by John Carlson and loses puck.
9:29 of 3rd period - Snap shot by Loui Eriksson.
9:29 of 3rd period - Stopped by Jimmy Howard without a rebound.
9:30 of 3rd period - Jordan Nolan wins face-off versus Ryan Johansen in Blackhawks zone.
9:54 of 3rd period - Icing by Andy Rogers.
9:55 of 3rd period - Jordan Nolan wins face-off versus Derick Brassard in Lightning zone.
9:55 of 3rd period - Jordan Nolan is hit by Derick Brassard.
10:14 of 3rd period - Minor Penalty to Robert Nilsson for Hooking.
10:15 of 3rd period - Henrik Zetterberg wins face-off versus Derick Brassard in Lightning zone.
11:25 of 3rd period - John Carlson is hit by Antoine Roussel and loses puck.
12:14 of 3rd period - Penalty to Robert Nilsson is over, Robert Nilsson is back on ice.
12:38 of 3rd period - Snap shot by Loui Eriksson.
12:38 of 3rd period - Shot Misses the Net.
14:07 of 3rd period - Joni Pitkanen is hit by Jordan Nolan and loses puck.
15:26 of 3rd period - Minor Penalty to Ryan Johansen for High sticking.
15:27 of 3rd period - Patrick Kane wins face-off versus Pierre-Marc Bouchard in Blackhawks zone.
15:27 of 3rd period - Patrick Kane is hit by Brent Burns.
15:39 of 3rd period - Snap shot by Brent Burns.
15:39 of 3rd period - Stopped by Jimmy Howard with a rebound.
15:41 of 3rd period - Slapshot by Brent Burns.
15:41 of 3rd period - Stopped by Jimmy Howard without a rebound.
15:42 of 3rd period - Patrick Kane wins face-off versus Robert Nilsson in Blackhawks zone.
16:10 of 3rd period - Minor Penalty to Daniel Carcillo for Hooking.
16:11 of 3rd period - Patrick Kane wins face-off versus Henrik Zetterberg in Lightning zone.
16:15 of 3rd period - Icing by Kris Versteeg.
16:16 of 3rd period - Henrik Zetterberg wins face-off versus Patrick Kane in Lightning zone.
16:25 of 3rd period - Wrist shot by Derick Brassard.
16:25 of 3rd period - Shot Misses the Net.
16:27 of 3rd period - Slapshot by Joni Pitkanen.
16:27 of 3rd period - Stopped by Jaroslav Halak with a rebound.
16:47 of 3rd period - Wrist shot by Henrik Zetterberg.
16:47 of 3rd period - Shot Blocked by Derick Brassard.
17:07 of 3rd period - Wrist shot by Patrick Kane.
17:07 of 3rd period - Shot Blocked by Brent Burns.
17:09 of 3rd period - Snap shot by Derick Brassard.
17:09 of 3rd period - Stopped by Jaroslav Halak without a rebound.
17:10 of 3rd period - Jarome Iginla wins face-off versus Robert Nilsson in Lightning zone.
17:25 of 3rd period - Snap shot by Antoine Roussel.
17:25 of 3rd period - Goal by Antoine Roussel - Blackhawks : 3 - Lightning : 5.
17:26 of 3rd period - Penalty to Ryan Johansen is over, Ryan Johansen is back on ice.
17:26 of 3rd period - Derick Brassard wins face-off versus Henrik Zetterberg in neutral zone.
18:10 of 3rd period - Penalty to Daniel Carcillo is over, Daniel Carcillo is back on ice.
18:39 of 3rd period - Backhand shot by Daniel Carcillo.
18:39 of 3rd period - Shot Blocked by Ryan Johansen.
18:41 of 3rd period - Wrist shot by Sheldon Keefe.
18:41 of 3rd period - Stopped by Jimmy Howard without a rebound.
18:42 of 3rd period - Pierre-Marc Bouchard wins face-off versus Ryan Johansen in Blackhawks zone.
18:45 of 3rd period - Snap shot by Sheldon Keefe.
18:45 of 3rd period - Stopped by Jimmy Howard with a rebound.
19:11 of 3rd period - Slapshot by Justin Schultz.
19:11 of 3rd period - Stopped by Jimmy Howard with a rebound.
19:13 of 3rd period - Snap shot by Loui Eriksson.
19:13 of 3rd period - Goal by Loui Eriksson - Blackhawks : 3 - Lightning : 6.
19:14 of 3rd period - Kris Versteeg wins face-off versus Ryan Johansen in neutral zone.
19:27 of 3rd period - Slapshot by Kris Versteeg.
19:27 of 3rd period - Shot Misses the Net.
19:41 of 3rd period - Derick Brassard is hit by Daniel Carcillo and loses puck.
Goals for this period are 2 for Blackhawks vs 2 for Lightning .
Shots for this period are 6 for Blackhawks vs 11 for Lightning .
Back to the Top